 Dungeon Crawl Stone Soup version 0.29.1-2-gbd0b4ee654 (webtiles) character file.

Game seed: 1367553536847924071

68985 hilljack the Zephyrmancer (level 15, -5/110 HPs)
             Began as a Human Earth Elementalist on Nov 5, 2022.
             Was a High Priest of Sif Muna.
             Slain by an orc knight
             ... wielding a +0 great sword
              (29 damage)
             ... on level 2 of the Orcish Mines.
             The game lasted 01:27:48 (29173 turns).

hilljack the Zephyrmancer (HuEE)                   Turns: 29173, Time: 01:27:48

Health: -5/110     AC: 15    Str: 15    XL:     15   Next: 72%
Magic:  4/27       EV: 11    Int: 33    God:    Sif Muna [*****.]
Gold:   1648       SH:  0    Dex:  9    Spells: 4/30 levels left

rFire   + . .      SeeInvis +   b - +2 short sword "Vuddoune" {freeze, rC- rCorr Int+7}
rCold   . . .      Faith    .   (no shield)
rNeg    . . .      Spirit   .   G - +2 ring mail of Plasticity {rElec Will++ Str-3 Int+2}
rPois   .          Reflect  .   o - +2 helmet "Biabrin" {rF+ Str+10 Dex-4 SInv}
rElec   +          Harm     .   t - scarf {repulsion}
rCorr   +          Rampage  .   K - +2 pair of gloves {hurl}
Will    +++..                   (no boots)
Stlth   +.........              m - amulet of magic regeneration
HPRegen 0.28/turn               D - ring of resist corrosion
MPRegen 0.60/turn               u - ring of protection from cold

@: about to teleport, freezing walls, studying Unarmed Combat, repel missiles
A: no striking features
a: Renounce Religion, Channel Magic, Forget Spell, Divine Exegesis


You were on level 2 of the Orcish Mines.
You worshipped Sif Muna.
Sif Muna was extremely pleased with you.
You visited 4 branches of the dungeon, and saw 18 of its levels.
You also visited: Gauntlet.

You collected 1805 gold pieces.
You spent 157 gold pieces at shops.

Inventory:

Hand Weapons
 a - the +4 war axe "Yhari" {venom, rElec rPois rC- Str+2}
   (You found it on level 4 of the Dungeon)

   It poisons the flesh of those it strikes.
   Str:       It affects your strength (+2).
   rC:        It makes you vulnerable to cold.
   rElec:     It insulates you from electricity.
   rPois:     It protects you from poison.
 b - the +2 short sword "Vuddoune" (weapon) {freeze, rC- rCorr Int+7}
   (You took it off a wight on level 6 of the Dungeon)

   It freezes those it strikes, dealing additional cold damage.
   It can also slow down cold-blooded creatures.
   Int:       It affects your intelligence (+7).
   rC:        It makes you vulnerable to cold.
   rCorr:     It protects you from acid and corrosion.
 z - a +6 battleaxe of flaming
 H - the +1 mace of Cataclysm {vorpal, rElec rC+ Str+2}
   (You found it on level 6 of the Dungeon)

   It inflicts extra damage upon your enemies.
   Str:       It affects your strength (+2).
   rC:        It protects you from cold.
   rElec:     It insulates you from electricity.
 X - the +8 autumn katana {vorpal, manifold assault}
   (You found it on level 5 of the Lair of Beasts)

   It sometimes launches melee attacks against multiple visible enemies.
Missiles
 E - a throwing net
Armour
 o - the +2 helmet "Biabrin" (worn) {rF+ Str+10 Dex-4 SInv}
   (You found it in a Gauntlet)

   Str:       It affects your strength (+10).
   Dex:       It affects your dexterity (-4).
   rF:        It protects you from fire.
   SInv:      It lets you see invisible.
 t - a scarf of repulsion (worn)
 B - a +2 robe of cold resistance
 G - the +2 ring mail of Plasticity (worn) {rElec Will++ Str-3 Int+2}
   (You took it off an orc on level 6 of the Dungeon)

   Str:       It affects your strength (-3).
   Int:       It affects your intelligence (+2).
   rElec:     It insulates you from electricity.
   Will:      It greatly increases your willpower.
 K - a +2 pair of gloves of hurling (worn)
 M - a +1 troll leather armour
 Q - a +2 robe of fire resistance
 R - a +1 cloak
Magical Staves
 C - a staff of air
 S - a staff of conjuration
Jewellery
 g - a ring of poison resistance
 h - an amulet of reflection
 m - an amulet of magic regeneration (around neck)
 u - a ring of protection from cold (right hand)
 v - a ring of protection from cold
 w - a ring of ice
 D - a ring of resist corrosion (left hand)
 I - an amulet of the acrobat
 N - a ring of ice
Wands
 r - a wand of digging (27)
 A - a wand of light (3)
 F - a wand of iceblast (17)
 J - a wand of mindburst (13)
 T - a wand of charming (9)
Scrolls
 e - 2 scrolls of poison
 i - 5 scrolls of vulnerability
 s - 3 scrolls of teleportation
 y - 3 scrolls of butterflies
 U - 2 scrolls of blinking
 V - a scroll of identify
 Y - a scroll of enchant armour
 Z - 4 scrolls of fear
Potions
 c - 4 potions of might
 d - 6 potions of curing
 f - 4 potions of mutation
 j - 9 potions of lignification
 k - 4 potions of attraction
 l - 3 potions of flight
 n - a potion of heal wounds
 p - 2 potions of haste
 q - 2 potions of magic
 x - 6 potions of ambrosia
 P - a potion of resistance
 W - a potion of cancellation
Miscellaneous
 L - a tin of tremorstones (2/2)
 O - a box of beasts


   Skills:
 - Level 8.0 Fighting
 - Level 8.0 Armour
 - Level 2.0 Dodging
 - Level 2.0 Stealth
 - Level 8.0 Spellcasting
 - Level 7.5 Translocations
 + Level 11.6 Transmutations
 - Level 6.0 Ice Magic
 + Level 12.0 Air Magic
 - Level 10.0 Earth Magic
 - Level 10.0 Invocations


You had 4 spell levels left.
You knew the following spells:

 Your Spells              Type           Power      Damage    Failure   Level
a - Sandblast             Erth           100%       2d20      1%          1
b - Frozen Ramparts       Ice            100%       1d16      1%          3
c - Stone Arrow           Conj/Erth      92%        3d12      2%          3
d - Petrify               Tmut/Erth      71%        N/A       1%          4
e - Blink                 Tloc           100%       N/A       1%          2
f - Storm Form            Tmut/Air       37%        N/A       36%         7
g - Passwall              Tmut/Erth      59%        N/A       1%          2
h - Ice Form              Ice/Tmut       64%        N/A       1%          4

Your spell library contained the following spells:

 Spells                   Type           Power      Damage    Failure   Level
 Shock                    Conj/Air       100%       1d9       1%          1
 Sting                    Tmut/Pois      100%       1d8       1%          1
 Poisonous Vapours        Pois/Air       100%       N/A       1%          2
 Wereblood                Tmut           74%        N/A       1%          2
 Spider Form              Tmut/Pois      51%        N/A       1%          3
 Swiftness                Air            75%        N/A       1%          3
 Airstrike                Air            37%        2d(6-22)  1%          4
 Ensorcelled Hibernation  Hex/Ice        66%        N/A       2%          2
 Passage of Golubria      Tloc           58%        N/A       2%          4
 Mephitic Cloud           Conj/Pois/Air  39%        N/A       3%          3
 Necrotise                Necr           52%        1d6       6%          1
 Slow                     Hex            52%        N/A       6%          1
 Summon Small Mammal      Summ           52%        N/A       6%          1
 Leda's Liquefaction      Hex/Erth       23%        N/A       8%          4
 Sublimation of Blood     Necr           13%        N/A       9%          2
 Corpse Rot               Necr/Pois/Air  39%        N/A       12%         4
 Iskenderun's Mystic Bla  Conj/Tloc      38%        2d9       13%         4
 Summon Ice Beast         Ice/Summ       33%        N/A       17%         4
 Call Canine Familiar     Summ           13%        N/A       19%         3
 Dazzling Flash           Conj/Hex       26%        N/A       19%         3
 Inner Flame              Hex/Fire       13%        N/A       19%         3
 Summon Guardian Golem    Hex/Summ       13%        N/A       19%         3
 Vampiric Draining        Necr           13%        2d6       19%         3
 Anguish                  Hex/Necr       6%         N/A       52%         4
 Animate Dead             Necr           13%        N/A       52%         4
 Cause Fear               Hex            6%         N/A       52%         4
 Blade Hands              Tmut           37%        N/A       1%          5
 Manifold Assault         Tloc           58%        N/A       8%          5
 Statue Form              Tmut/Erth      47%        N/A       11%         6
 Alistair's Intoxication  Tmut/Pois      34%        N/A       16%         5
 Yara's Violent Unravell  Hex/Tmut       25%        3d11      16%         5
 Borgnjor's Vile Clutch   Necr/Erth      23%        N/A       22%         5
 Dragon Form              Tmut           37%        N/A       38%         7
 Eringya's Noxious Bog    Tmut/Pois      25%        N/A       63%         6
 Agony                    Necr           13%        N/A       86%         5
 Death Channel            Necr           6%         N/A       100%        6
 Starburst                Conj/Fire      6%         6d4       100%        6
 Spellforged Servitor     Conj/Summ      6%         N/A       100%        7
 Summon Hydra             Summ           6%         N/A       100%        7
 Discord                  Hex            6%         N/A       100%        8
 Necromutation            Tmut/Necr      25%        N/A       100%        8
 Summon Horrible Things   Summ           6%         N/A       100%        8


Dungeon Overview and Level Annotations

Branches:
Dungeon (10/15)            Temple (1/1) D:4            Lair (5/5) D:10
 Shoals (0/4) Lair:2        Snake (0/4) Lair:3        Slime (0/5) Lair:5
    Orc (2/2) D:9             Elf (0/3) Orc:2       Gauntlet (visited)

Altars:
Ashenzari
Cheibriados
Dithmenos
Elyvilon
Fedhas
Gozag
Hepliaklqana
Kikubaaqudgha
Makhleb
Nemelex Xobeh
Okawaru
Qazlal
Ru
Sif Muna
Trog
Uskayaw
Vehumet
Wu Jian
Xom
Yredelemnul
Zin
The Shining One

Shops:
D:1 [   D:9 (   Orc:2 !([:

Annotations:
D:8 3 runed translucent doors, Rudyous's ghost, novice MiFi
Lair:2 2 transporters, croobank's ghost, journeyman FeSu
Orc:2 2 transporters, croobank's ghost, journeyman FeSu


Message History

Press: ? - help, Shift-Dir - straight line, f - orc knight
Aim: an orc knight, wielding a +0 great sword and wearing a +0 plate armour (severely wounded, 76% to hit)
The stone arrow misses the orc knight.
The wall freezes the orc knight.
Casting: Stone Arrow (mildly dangerous; 2% risk of failure)
Confirm with . or Enter, or press ? or * to list all spells.
Aiming: Sandblast (safe; 1% risk of failure)
Press: ? - help, Shift-Dir - straight line, f/p - orc knight
Aim: an orc knight, wielding a +0 great sword and wearing a +0 plate armour (severely wounded, 85% to hit)
The blast of sand hits the orc knight but does no damage.
The orc knight is severely wounded.
The orc completely resists.
The wall freezes the orc but does no damage.
The wall freezes the orc knight but does no damage.
The orc knight barely misses you.
The orc resists.
The wall freezes the orc.
You kill the orc!
Sif Muna accepts your kill.
The wall freezes the orc knight but does no damage.
The orc knight roars a battlecry!
The orc wizard goes into a battle-frenzy!
Casting: Sandblast (safe; 1% risk of failure)
Confirm with . or Enter, or press ? or * to list all spells.
Aiming: Stone Arrow (mildly dangerous; 2% risk of failure)
Press: ? - help, Shift-Dir - straight line, f/p - orc knight
Aim: an orc knight, wielding a +0 great sword and wearing a +0 plate armour (severely wounded, 76% to hit)
The stone arrow hits the orc knight.
The orc knight is severely wounded.
The wall freezes the orc knight.
The orc knight closely misses you.
Casting: Stone Arrow (mildly dangerous; 2% risk of failure)
Confirm with . or Enter, or press ? or * to list all spells.
Aiming: Stone Arrow (mildly dangerous; 2% risk of failure)
Press: ? - help, Shift-Dir - straight line, f/p - orc knight
Aim: an orc knight, wielding a +0 great sword and wearing a +0 plate armour (severely wounded, 76% to hit)
The stone arrow misses the orc knight.
The wall freezes the orc knight.
The orc knight hits you with a +0 great sword!
* * * LOW HITPOINT WARNING * * *
As you read the scroll of teleportation, it crumbles to dust.
You feel strangely unstable.
The wall freezes the orc knight but does no damage.
The orc knight hits you with a +0 great sword!!
You die...

##.....## ...###..# ####,##.##
.....,#..# ...#..##.#
.#...#.#.# .##.#.,#.#
#...#$##.# ########
,...#!#..###o.)o@.#******
,#h.[?#©..##.####...#,*,****
..$#h"#.b..#.#_,*.......,,,**
#....h##..#oo#,,*...#.#.,,,,*
..#.#..#....o#,,*....##**,,,**
..#.#..#b.bb.#,,*.....≈,,,,,,*
.W.h..##..b.b#'#*....≈.≈,,,,**
#yhh###.....†)).....≈...~,,,*
#####.......#......≈,,∩,,~,,*


You could see an orc knight and an orc wizard (strong, invisible).

Vanquished Creatures
  Saint Roka (Orc:2)
  A minotaur (Gauntlet)
  2 boulder beetles (Lair:1)
  Fannar (D:9)
  2 catoblepae
  A centaur warrior (D:7)
  6 hydras
  3 two-headed ogres
  6 death yaks
  Urug (Lair:4)
  2 orc high priests (Orc:2)
  A soul eater (Gauntlet)
  A skeletal warrior (D:10)
  2 orc knights (Orc:2)
  A deep elf pyromancer (D:7)
  5 orc sorcerers (Orc:2)
  2 oklob plants (Lair:4)
  2 cyclopes
  10 elephants
  4 black mambas
  A gargoyle (D:8)
  18 cane toads
  7 komodo dragons
  3 rime drakes
  7 trolls
  A meliai (D:8)
  3 tyrant leeches (Lair:5)
  25 blink frogs
  A raiju (Gauntlet)
  20 dream sheep
  7 wyverns
  44 yaks
  A wraith (D:7)
  A basilisk (Lair:1)
  4 small abominations (Gauntlet)
  A steam dragon (D:9)
  5 vampire mosquitoes (Lair:5)
  2 wargs (Orc:2)
  2 nagas (Lair:3)
  3 acid dragons
  2 swamp worms (D:7)
  12 water moccasins
  4 ice beasts
  33 orc warriors
  A swamp drake (D:9)
  5 black bears
  4 sky beasts
  7 ogres
  8 centaurs
  7 wolves
  3 kobold brigands
  6 phantoms
  3 necrophages
  13 bullfrogs
  A scorpion (D:4)
  9 wights
  8 killer bees
  2 electric eels (Lair:5)
  11 howler monkeys
  5 jellies
  20 orc priests
  4 hounds (D:5)
  4 iguanas
  Ijyb (D:3)
  34 orc wizards
  7 hell rats
  2 lightning spires (Gauntlet)
  4 gnolls
  11 adders
  4 river rats
  5 shadow imps
  3 white imps
  3 ufetubi
  3 worms
  4 dart slugs
  110 orcs
  5 bats
  7 endoplasms
  A giant cockroach (D:1)
  9 hobgoblins
  A quokka (D:9)
  8 ball pythons
  7 frilled lizards
  5 goblins
  11 kobolds
  8 rats
635 creatures vanquished.

Vanquished Creatures (collateral kills)
  A yak (D:8)
1 creature vanquished.

Vanquished Creatures (others)
  An orc knight (Orc:1)
  A yak (D:8)
  An orc warrior (Orc:2)
  A bush (Lair:5)
  5 demonic plants (Gauntlet)
  35 fungi
  99 plants
143 creatures vanquished.

Grand Total: 779 creatures vanquished

Notes
Turn   | Place    | Note
-------+----------+-------------------------------------------
     0 | D:1      | hilljack the Human Earth Elementalist began the quest for
                  | the Orb.
     0 | D:1      | Reached XP level 1. HP: 13/13 MP: 3/3
   280 | D:1      | Reached XP level 2. HP: 19/19 MP: 0/5
   405 | D:1      | Found Kaloek's Antique Armour Emporium.
   945 | D:1      | Reached XP level 3. HP: 23/24 MP: 0/6
  1585 | D:1      | Reached XP level 4. HP: 13/30 MP: 1/8
  2702 | D:3      | Learned a level 2 spell: Passwall
  2706 | D:3      | Learned a level 3 spell: Stone Arrow
  2815 | D:3      | Reached XP level 5. HP: 35/35 MP: 8/10
  2942 | D:3      | Noticed a phantom
  2947 | D:3      | Killed a phantom
  3102 | D:3      | Reached XP level 6. HP: 41/41 MP: 9/11
  3211 | D:3      | Found an iron altar of Okawaru.
  3273 | D:3      | Noticed Ijyb
  3282 | D:3      | Killed Ijyb
  3283 | D:3      | Reached skill level 5 in Earth Magic
  3903 | D:4      | Learned a level 4 spell: Petrify
  3989 | D:4      | Found a staircase to the Ecumenical Temple.
  4124 | Temple   | Entered the Ecumenical Temple
  4147 | Temple   | Became a worshipper of Sif Muna the Loreminder
  4190 | D:4      | Found a burning altar of Makhleb.
  4196 | D:4      | Found a glowing silver altar of Zin.
  4196 | D:4      | Noticed an angel
  4197 | D:4      | Noticed a green death
  4536 | D:4      | Reached XP level 7. HP: 35/46 MP: 3/13
  4538 | D:4      | Identified the +4 war axe "Yhari" {venom, rElec rPois rC-
                  | Str+2}
  4846 | D:5      | Entered Level 5 of the Dungeon
  5046 | D:5      | Reached skill level 5 in Spellcasting
  5328 | D:5      | Reached XP level 8. HP: 20/52 MP: 7/15
  5983 | D:5      | Found an ornate altar of the Wu Jian Council.
  6076 | D:5      | Reached XP level 9. HP: 27/57 MP: 10/19
  6335 | D:5      | Reached * piety under Sif Muna
  6647 | D:5      | Found a broken altar of Ashenzari.
  7222 | D:6      | Found a hazy altar of Hepliaklqana.
  7544 | D:6      | Identified the +2 short sword "Vuddoune" {freeze, rC- rCorr
                  | Int+7}
  7816 | D:6      | Identified the +2 ring mail of Plasticity {rElec Will++
                  | Str-3 Int+2}
  8009 | D:6      | Noticed a torpor snail
  8045 | D:6      | Identified the +1 mace of Cataclysm {vorpal, rElec rC+
                  | Str+2}
  8077 | D:6      | Found a snail-covered altar of Cheibriados.
  8295 | D:6      | Found a bloodstained altar of Trog.
  8389 | D:7      | Found a shadowy altar of Dithmenos.
  8943 | D:7      | Reached skill level 10 in Earth Magic
  8943 | D:7      | Reached XP level 10. HP: 64/64 MP: 18/22
  9119 | D:7      | Reached ** piety under Sif Muna
  9120 | D:7      | Reached skill level 1 in Fighting
  9120 | D:7      | Reached skill level 1 in Armour
  9394 | D:7      | HP: 1/70 [asphyx]
  9903 | D:7      | Learned a level 2 spell: Blink
 10185 | D:7      | Noticed a deep elf pyromancer
 10186 | D:7      | Noticed a six-headed hydra
 10800 | D:7      | Identified a scroll of acquirement
 10801 | D:7      | Acquired a scarf of repulsion
 10969 | D:1      | Bought a pair of runed gloves for 157 gold pieces
 10982 | D:1      | Learned a level 7 spell: Storm Form
 11515 | D:8      | Reached skill level 5 in Armour
 11529 | D:8      | Reached skill level 5 in Fighting
 11560 | D:8      | Noticed a two-headed ogre
 11560 | D:8      | Noticed a centaur warrior
 11563 | D:8      | Noticed a two-headed ogre
 12305 | D:7      | Killed a centaur warrior
 12587 | D:7      | Killed a two-headed ogre
 12588 | D:7      | Reached XP level 11. HP: 67/82 MP: 14/23
 12676 | D:7      | Noticed a cyclops
 12681 | D:7      | Killed a cyclops
 12828 | D:7      | Killed a deep elf pyromancer
 13079 | D:7      | Killed a six-headed hydra
 13276 | D:8      | Found a glowing golden altar of the Shining One.
 13295 | D:8      | Learned a level 3 spell: Frozen Ramparts
 13305 | D:8      | Reached skill level 1 in Ice Magic
 13364 | D:8      | Found an ancient bone altar of Kikubaaqudgha.
 13398 | D:8      | Killed a two-headed ogre
 13398 | D:8      | Reached *** piety under Sif Muna
 13442 | D:8      | Got the Lectures on Companions
 13505 | D:8      | Reached skill level 5 in Ice Magic
 13722 | D:8      | Found a white marble altar of Elyvilon.
 13982 | D:8      | Reached XP level 12. HP: 86/92 MP: 21/24
 14297 | D:8      | Found a blossoming altar of Fedhas.
 14383 | D:8      | Found a runed translucent gate.
 14385 | D:8      | Found a runed translucent gate.
 14386 | D:8      | Found a runed translucent gate.
 14386 | D:8      | Noticed Rudyous's ghost (novice MiFi)
 14676 | D:9      | Found a radiant altar of Vehumet.
 14679 | D:9      | Reached skill level 1 in Translocations
 14681 | D:9      | Noticed a two-headed ogre
 14965 | D:9      | Killed a two-headed ogre
 15495 | D:9      | Found Pyshaj's Weapon Boutique.
 15567 | D:9      | Reached **** piety under Sif Muna
 15594 | D:9      | Found a staircase to the Orcish Mines.
 15673 | D:9      | Found a sacrificial altar of Ru.
 15861 | D:10     | Entered Level 10 of the Dungeon
 15987 | D:10     | Found a stormy altar of Qazlal.
 15991 | D:10     | Noticed Fannar
 16034 | D:10     | Reached skill level 1 in Invocations
 16086 | D:9      | Learned a level 4 spell: Ice Form
 16110 | D:9      | Killed Fannar
 16111 | D:9      | Reached skill level 5 in Translocations
 16292 | D:10     | Noticed a death yak
 16492 | D:10     | Noticed a death yak
 16492 | D:10     | Noticed a death yak
 16492 | D:10     | Found a staircase to the Lair.
 16501 | D:9      | Killed a death yak
 16580 | D:9      | Killed a death yak
 16637 | D:9      | Killed a death yak
 16882 | D:10     | Reached skill level 5 in Invocations
 17075 | D:10     | Noticed a skeletal warrior
 17082 | D:10     | Killed a skeletal warrior
 17515 | Lair:1   | Entered Level 1 of the Lair of Beasts
 17907 | Lair:1   | Noticed a boulder beetle
 17936 | Lair:1   | Killed a boulder beetle
 18224 | Lair:1   | Reached XP level 13. HP: 98/98 MP: 22/25
 18626 | Lair:1   | Noticed a seven-headed hydra
 18634 | Lair:1   | Killed a seven-headed hydra
 18742 | Lair:1   | Noticed a boulder beetle
 18752 | Lair:1   | Killed a boulder beetle
 19133 | Lair:2   | Noticed a four-headed hydra
 19137 | Lair:2   | Killed a four-headed hydra
 19138 | Lair:2   | Reached skill level 10 in Invocations
 19227 | Lair:2   | Reached skill level 1 in Air Magic
 19498 | Lair:2   | Reached skill level 2 in Air Magic
 19508 | Lair:2   | Reached skill level 3 in Air Magic
 19579 | Lair:2   | Noticed a catoblepas
 19595 | Lair:1   | Killed a catoblepas
 19678 | Lair:2   | Reached skill level 4 in Air Magic
 19690 | Lair:2   | Reached ***** piety under Sif Muna
 19738 | Lair:2   | Got the Anthology of Ignition and Air
 19958 | Lair:2   | Noticed croobank's ghost (journeyman FeSu)
 19965 | Lair:2   | Found a transporter.
 19966 | Lair:2   | Found a transporter.
 20039 | Lair:2   | Found a staircase to the Shoals.
 20549 | Lair:3   | Found a staircase to the Snake Pit.
 20624 | Lair:3   | Received a gift from Sif Muna
 20625 | Lair:3   | Got Sif Muna's Compendium of Breath and Translocation {god
                  | gift}
 20656 | Lair:3   | Reached skill level 5 in Air Magic
 21073 | Lair:3   | Reached skill level 5 in Transmutations
 21102 | Lair:3   | Reached skill level 6 in Air Magic
 21409 | Lair:3   | Reached XP level 14. HP: 105/105 MP: 23/26
 21688 | Lair:4   | Noticed Urug
 21845 | Lair:4   | Reached skill level 7 in Air Magic
 21907 | Lair:4   | Found a blossoming altar of Fedhas.
 22816 | Lair:4   | Killed Urug
 22860 | Lair:4   | Reached skill level 8 in Air Magic
 23171 | Lair:5   | Entered Level 5 of the Lair of Beasts
 23201 | Lair:5   | Received a gift from Sif Muna
 23206 | Lair:5   | Got Kuarheky's Quarto of Imprecation {god gift}
 23221 | Lair:5   | Reached skill level 9 in Air Magic
 23293 | Lair:5   | Found a staircase to the Slime Pits.
 23312 | Lair:5   | Identified the +6 scale mail of Untold Secrets {Harm
                  | Slay+2}
 23608 | Lair:5   | Reached skill level 10 in Air Magic
 23648 | Lair:5   | Reached XP level 15. HP: 84/110 MP: 23/27
 23741 | Lair:5   | Received a gift from Sif Muna
 23743 | Lair:5   | Got Sif Muna's Catalogue of Assistive Transmigration {god
                  | gift}
 23775 | Lair:5   | Found the +8 autumn katana {vorpal, manifold assault}
 24053 | Lair:5   | Reached skill level 10 in Transmutations
 24699 | Orc:1    | Entered Level 1 of the Orcish Mines
 25142 | Orc:1    | Found a shimmering altar of Xom.
 25301 | Orc:2    | Entered Level 2 of the Orcish Mines
 25307 | Orc:2    | Found a gate leading to a gauntlet.
 25312 | Gauntlet | Entered a Gauntlet
 25312 | Gauntlet | Found a transporter.
 25312 | Gauntlet | Found a transporter.
 25312 | Gauntlet | Found a transporter.
 25332 | Gauntlet | Found a transporter.
 25335 | Gauntlet | Found a transporter.
 25344 | Gauntlet | Found a transporter.
 25346 | Gauntlet | Found a transporter.
 25355 | Gauntlet | Found a transporter.
 25372 | Gauntlet | Found a transporter.
 25378 | Gauntlet | Found a transporter.
 25380 | Gauntlet | Found a transporter.
 25391 | Gauntlet | Found a transporter.
 25742 | Gauntlet | Identified the +2 helmet "Biabrin" {rF+ Str+10 Dex-4 SInv}
 25887 | Gauntlet | Reached skill level 11 in Air Magic
 26859 | Orc:2    | Found Isegeik's Distillery.
 27256 | Orc:2    | Received a gift from Sif Muna
 27265 | Orc:2    | Got Sif Muna's Disquisition on Reformation {god gift}
 27330 | Orc:2    | Found a staircase to the Elven Halls.
 27817 | Orc:2    | Found a transporter.
 27818 | Orc:2    | Noticed croobank's ghost (journeyman FeSu)
 27833 | Orc:2    | Found a transporter.
 27875 | Orc:2    | Found Afynk's Book Boutique.
 28266 | Orc:2    | Noticed Saint Roka
 28279 | Orc:2    | Killed Saint Roka
 29009 | Orc:2    | Found Damunu's Antique Weapon Shoppe.
 29011 | Orc:2    | Found Weviwex's Antique Armour Emporium.
 29106 | Orc:2    | Reached skill level 12 in Air Magic
 29173 | Orc:2    | Slain by an orc knight

Illustrated notes

Levels and vault maps discovered:
D:1:      spicycebolla_arrival_ecumenical, layout_loops_ring, serial_shops,
          nicolae_shop_advertising_works [nicolae_subvault_shop_adworks]
D:2:      layout_loops_ring
D:3:      layout_loops_ring, lemuel_tele_altar, kennysheep_generic_room_13,
          uniq_ijyb
D:4:      nicolae_cairo_tiling_large_dashed, layout_basic,
          grunt_temple_overflow_order_and_chaos_2, minmay_temple_entry_waves
D:5:      minmay_chambers_of_threes, layout_basic, mainiacjoe_overflow_24_doors,
          amcnicky_altar_gilded, minmay_chambers_of_fives
D:6:      layout_basic, nicolae_hepliaklqana_hazy_memory, marbit_many_paths,
          cheibriados_altar_2
D:7:      minmay_the_grid_triangle_9x9_rhombus_full
          [minmay_the_grid_triangle_9x9_flanged_cone,
          minmay_the_grid_triangle_9x9_minimal,
          minmay_the_grid_triangle_9x9_sprig,
          minmay_the_grid_triangle_9x9_cache,
          minmay_the_grid_triangle_9x9_zippers_horizontal,
          minmay_the_grid_triangle_9x9_limited_checkers,
          minmay_the_grid_triangle_9x9_descending_squares,
          minmay_the_grid_triangle_9x9_prize_schism], layout_loops_corners,
          mainiacjoe_overflow_tiny_flanked, worms_lemuel
D:8:      nzn_winding_woodlands_stair_cross [nzn_winding_woodlands_5x15_default,
          nzn_winding_woodlands_center_diamonds,
          nzn_winding_woodlands_5x15_parted,
          nzn_winding_woodlands_5x5_closed_star,
          nzn_winding_woodlands_5x5_default,
          nzn_winding_woodlands_5x15_sidewinder,
          nzn_winding_woodlands_center_garden,
          nzn_winding_woodlands_5x15_jagged], layout_loops_corners,
          fedhas_altar_3, lemuel_crystal_altar,
          mainiacjoe_overflow_catch_the_wave, gammafunk_ghost_nasty_kobolds,
          kennysheep_flooded_box
D:9:      layout_small_grid, nicolae_ru_path_of_blood, fiery_altar_vehumet,
          erik_orc_1, kennysheep_windowed_goal
D:10:     layout_irregular_city, nicolae_qazlal_scattered_showers,
          dpeg_lair_monsters, minmay_microvault, uniq_fannar
Temple:   nicolae_temple_stand_before_the_council
Lair:1:   layout_layer_cave
Lair:2:   layout_small_grid, elwin_shoals_entry_rocks, nzn_ghost_randoct,
          grunt_megastairs_3, serial_bayou_shore_b
Lair:3:   layout_regular_city, guppyfry_snake_entry_island
Lair:4:   layout_concentric_octagons, hangedman_tree_tricks, uniq_urug
Lair:5:   minmay_lair_end_frog_pond, layout_cave_shapes,
          nicolae_slime_entry_slimehenge
Orc:1:    layout_diamond_mine, basic_altar, minmay_orc_keep
Orc:2:    grunt_orc_community_town_hall, layout_caves,
          grunt_orc_community_big_house_2, grunt_orc_community_big_house_1,
          grunt_orc_community_house_1, grunt_orc_community_house_1,
          grunt_orc_community_house_3, grunt_orc_community_house_2,
          grunt_orc_community_house_3, grunt_orc_community_house_2,
          gauntlet_entry_generic, gammafunk_ghost_berserking_beasts,
          serial_shops, nicolae_diamond_shop

Skill      XL: |  1  2  3  4  5  6  7  8  9 10 11 12 13 14 15 |
---------------+----------------------------------------------+-----
Spellcasting   | 3 4 5 6 8 |  8.0
Earth Magic    | 4 5 6 7 10 | 10.0
Transmutations | 3 5 9 11 | 11.6
Fighting       | 6 8 |  8.0
Armour         | 6 8 |  8.0
Ice Magic      | 5 6 |  6.0
Translocations | 6 7 |  7.5
Invocations    | 8 10 | 10.0
Air Magic      | 6 10 12 | 12.0
Dodging        | |  2.0
Stealth        | |  2.0

Action                   |  1- 3 |  4- 6 |  7- 9 | 10-12 | 13-15 || total
-------------------------+-------+-------+-------+-------+-------++-------
Melee: Unarmed           |     3 |       |       |       |       ||     3
       Club              |     4 |       |       |       |       ||     4
       War axe           |       |       |     2 |       |       ||     2
       Short sword       |       |       |       |    23 |    15 ||    38
       Katana            |       |       |       |       |     6 ||     6
       Punch             |       |       |       |       |     1 ||     1
 Cast: Sandblast         |    44 |   102 |   136 |   182 |   397 ||   861
       Passwall          |       |     1 |       |     1 |       ||     2
       Stone Arrow       |       |       |     1 |   142 |   248 ||   391
       Petrify           |       |       |       |     3 |       ||     3
       Frozen Ramparts   |       |       |       |    21 |   110 ||   131
       Ice Form          |       |       |       |     2 |       ||     2
Evoke: Wand              |       |       |       |     3 |     9 ||    12
       Box of beasts     |       |       |       |     1 |     1 ||     2
       Tin of tremorston |       |       |       |       |     1 ||     1
  Use: Scroll            |       |     3 |     7 |    18 |     9 ||    37
       Potion            |       |       |     4 |     5 |     4 ||    13
Armor: Robe              |     6 |     4 |     4 |       |       ||    14
       Skin              |       |       |     5 |     1 |       ||     6
       Ring mail         |       |       |     1 |    31 |    30 ||    62
       Troll leather arm |       |       |       |    56 |   184 ||   240
Dodge: Dodged            |    21 |    20 |    32 |   133 |   271 ||   477
       Repelled          |       |       |       |     2 |     3 ||     5
Block: Other             |     2 |    11 |    24 |     1 |       ||    38
       Reflection        |       |       |     2 |       |       ||     2
